 Dungeon Crawl Stone Soup version 0.29-a0-1023-g6ae1a4a2c7 (webtiles) character file.

Game seed: 9648720349556957100

44 27heaven the Trooper (level 3, -6/31 HPs)
             Began as a Djinni Chaos Knight on Aug 11, 2022.
             Was a Plaything of Xom.
             Killed by nerve-wracking pain
             ... invoked by Grinder
              (13 damage)
             ... on level 3 of the Dungeon.
             The game lasted 00:02:41 (974 turns).

27heaven the Trooper (Djinni Chaos Knight)           Turns: 974, Time: 00:02:42

Health: -6/31      AC:  5    Str: 11    XL:     3   Next: 87%
Gold:   30         EV: 11    Int: 15    God:    Xom [...*..] SH:  0 Dex: 12

rFire   + + .      SeeInvis .   f - +0 rapier
rCold   x . .      Faith    .   (no shield)
rNeg    . . .      Spirit   .   a - +2 leather armour
rPois   ∞          Reflect  .   (no helmet)
rElec   .          Harm     .   (no cloak)
rCorr   .          Rampage  .   (no gloves)
Will    .....                   (boots unavailable)
Stlth   +.........              (no amulet)
HPRegen 0.10/turn               (no ring)
MPRegen 0.00/turn               (no ring)

@: flying, very slightly contaminated
A: sickness immunity, fire resistance 2, cold vulnerability 1, float, innate
caster, HP casting, extra vitality 1
a: Renounce Religion


You were on level 3 of the Dungeon.
You worshipped Xom.
You were a favourite toy of Xom.
You visited 1 branch of the dungeon, and saw 3 of its levels.

You collected 30 gold pieces.

Inventory:

Hand Weapons
 f - a +0 rapier (weapon)
Armour
 a - a +2 leather armour (worn)
Scrolls
 c - a scroll of torment {unknown}
 d - 3 scrolls of identify {unknown}
 h - a scroll of teleportation {unknown}
Potions
 e - a potion of haste {unknown}
 g - a potion of curing {unknown}
Miscellaneous
 b - a piece from Xom's chessboard (11/15) (quivered)


   Skills:
 + Level 3.8 Fighting
 - Level 1.0 Armour
 - Level 2.1 Dodging
 - Level 3.0 Unarmed Combat
 + Level 1.4 Spellcasting


You had 3 spell levels left.
You knew the following spells:

 Your Spells              Type           Power      Damage    Failure   Level
a - Freeze                Ice            20%        1d4       17%         1
Your spell library was empty.

Dungeon Overview and Level Annotations

Branches:
Dungeon (3/15)

Altars:

Annotations:
D:3 Grinder


Innate Abilities, Weirdness & Mutations

You are immune to sickness and miasma.
You are immune to poison.
Your flesh is very heat resistant. (rF++)
You are vulnerable to cold. (rC-)
You float through the air rather than walking.
You learn spells naturally, not from books.
Your magical power is your life essence.
You have superior vitality. (+4 MHP)


Message History

Things that are here:
a +0 dagger; 5 stones
h - a scroll labelled NOSCHI GABRYCLE Grinder comes into view.
Grinder shouts!
Grinder is nearby!
Grinder is nearby!
Casting: Freeze (safe; 17% risk of failure)
Confirm with . or Enter, or press ? or * to list all spells.
Okay, then.
You make a move on Xom's chessboard...
Grinder falls asleep!
Found a stone staircase leading up.
Grinder shouts!
Casting: Freeze (safe; 17% risk of failure)
Confirm with . or Enter, or press ? or * to list all spells.
Aiming: Freeze (safe; 17% risk of failure)
Press: ? - help, Shift-Dir - straight line, f - Grinder
Aim: Grinder You miscast Freeze.
You are very lightly contaminated with residual magic.
Nothing appears to happen.
Grinder hits you.
You writhe in agony.
Casting: Freeze (safe; 17% risk of failure)
Confirm with . or Enter, or press ? or * to list all spells.
Aiming: Freeze (safe; 17% risk of failure)
Press: ? - help, Shift-Dir - straight line, f/p - Grinder
Aim: Grinder You miscast Freeze.
Nothing appears to happen.
Grinder hits you!
Casting: Freeze (safe; 17% risk of failure)
Confirm with . or Enter, or press ? or * to list all spells.
Aiming: Freeze (safe; 17% risk of failure)
Press: ? - help, Shift-Dir - straight line, f/p - Grinder
Aim: Grinder You freeze Grinder but do no damage.
Grinder completely resists.
Grinder hits you!
* * * LOW HITPOINT WARNING * * *
Grinder attacks as you move away! Grinder completely misses you.
Grinder gestures at you. Pain shoots through your body!
You die...
Xom chuckles heartily!

####### #.....#
#.....#
##.....#
##......#####
##.@#.........
##5.##.######..
#..###.#
#.....## #.#
<..#.## #.## #
#. #..# # ##.#
#.# #.#


You could see Grinder.

Vanquished Creatures
  2 adders (D:2)
  A gnoll (D:2)
  A worm (D:2)
  A ball python (D:1)
  2 endoplasms (D:2)
  A giant cockroach (D:3)
  A goblin (D:2)
  2 kobolds
  2 bats (D:2)
  2 frilled lizards (D:2)
15 creatures vanquished.

Notes
Turn   | Place    | Note
-------+----------+-------------------------------------------
     0 | D:1      | 27heaven the Djinni Chaos Knight began the quest for the
                  | Orb.
     0 | D:1      | Reached XP level 1. HP: 20/20 MP: 0/0
    33 | D:1      | You are sucked into a shaft and drop 1 floor!
    58 | D:2      | Reached XP level 2. HP: 23/25 MP: 0/0
    70 | D:2      | XOM: divination: magic mapping
   512 | D:2      | Reached skill level 1 in Spellcasting
   598 | D:2      | Reached XP level 3. HP: 28/30 MP: 0/0
   598 | D:2      | Learned a level 1 spell: Freeze
   703 | D:2      | XOM: confuse monster(s)
   877 | D:3      | XOM: 3-stop teleportation journey
   966 | D:3      | Noticed Grinder
   974 | D:3      | Killed from afar by Grinder

Illustrated notes

Levels and vault maps discovered:
D:1:      dpeg_arrival_lava_temple_mockup, layout_rooms,
          ebering_ecumenical_altar_ruins, serial_shops, shop, dk_noncrumbling_2,
          chequers_serial_rivers_micro_e
D:2:      layout_basic
D:3:      layout_rooms, tgw_xom, nicolae_dithmenos_the_darkroom,
          minmay_pentangle, uniq_grinder, uniq_terence, uniq_robin

Skill      XL: |  1  2 |
---------------+-------+-----
Spellcasting   | 1 |  1.4
Fighting       | |  3.8
Armour         | |  1.0
Dodging        | |  2.1
Unarmed Combat | |  3.0

Action                   || total
-------------------------++-------
Melee: Unarmed           ||    70
       Rapier            ||     6
 Cast: Freeze            ||     5
Evoke: Piece from Xom's  ||     6
Armor: Leather armour    ||    30
Dodge: Dodged            ||    42

Table legend: (Time is in decaauts)
 A = Elapsed time spent in this place.
 B = Non-inter-level travel time spent in this place.
 C = Inter-level travel time spent in this place.
 D = Time resting spent in this place.
 E = Time spent auto-exploring this place.
 F = Levels seen in this place.
 G = Mean time per level.
                   A        B        C        D        E       F      G
               +--------+--------+--------+--------+--------+-----+--------+
         Total |    972 |    972 |      0 |    460 |    236 |   3 |  324.0 |
       Dungeon |    972 |    972 |      0 |    460 |    236 |   3 |  324.0 |
               +--------+--------+--------+--------+--------+-----+--------+

Top non-repeatable levels by time:
     D:3: 556 daAuts
     D:2: 383 daAuts
     D:1: 32 daAuts
